cohdb
Replays
Latest Replays
All Replays
Popular Replays
Top Player Replays
Match Explorer
How It Works
Community
CoH3 Stats
Reddit
Sign in to upload your games and track your stats! →
Sign in with Steam
Match 45389696
Unlisted
Match 45389696
Overview
Messages
Build Orders
End
Kettenkrad Recon Vehicle
Construct Infanterie Kompanie
MG 42 Machine Gun Team
Grenadier Squad
Grenadier Squad
Construct Panzergrenadier Kompanie
251 Medium Carrier
Panzergrenadier Squad
Panzergrenadier Officer Quarters
Selects Mechanized Battlegroup
Support Elements
Pak 40 Anti-tank Gun Team
StuG III G Assault Gun
Selects Mobile Repair Stations
Selects Wespe Self-propelled Artillery
Medical Bunker
Forward Retreat Point
Construct Luftwaffe Kompanie
Wirbelwind Flakpanzer
Wespe Self-propelled Artillery
参了金克拉的椰果
HOLD THE LINE
开摆
Aeirosh
T0MMY
Pioneer Combine
SnackPack
Sayamander 🐉
0
0
Comments
sign in to comment!
No comments posted yet!